 Dungeon Crawl Stone Soup version 0.18.1-48-g4cf74bf (webtiles) character file.

150 Heedrag the Conjurer (level 5, -4/28 HPs)
             Began as a Deep Elf Conjurer on Aug 11, 2016.
             Slain by an orc
             ... wielding a +0 war axe
              (10 damage)
             ... on level 3 of the Dungeon.
             The game lasted 00:02:43 (1413 turns).

Heedrag the Conjurer (Deep Elf Conjurer)            Turns: 1413, Time: 00:02:44

Health: -4/28      AC:  3    Str:  6    XL:     5   Next: 10%
Magic:  1/14       EV: 13    Int: 20    God:
Gold:   88         SH:  0    Dex: 15    Spells: 2 memorised, 9 levels left

rFire  . . .     SeeInvis +     f - +2 dagger (elec)
rCold  . . .     Gourm    .     a - +0 robe
rNeg   . . .     Faith    .     (no shield)
rPois  .         Spirit   .     (no helmet)
rElec  .         Dismiss  .     (no cloak)
rCorr  .         Reflect  .     (no gloves)
SustAt .         Harm     +     n - +0 pair of boots
MR     .....                    m - amulet of harm
Stlth  ++........               (no ring)
                                j - ring of see invisible

@: lethally poisoned (-4 -> -10), not resistant to hostile enchantments,
unstealthy
A: no striking features
a: no special abilities


You were on level 3 of the Dungeon.
You were not hungry.

You visited 1 branch of the dungeon, and saw 3 of its levels.

You collected 88 gold pieces.

Inventory:

Hand Weapons
 d - a +0 dagger
 f - a +2 dagger of electrocution (weapon)
Armour
 a - a +0 robe (worn)
 n - a +0 pair of boots (worn)
Jewellery
 j - a ring of see invisible (left hand)
 m - an amulet of harm (around neck)
Scrolls
 e - a scroll of magic mapping {unknown}
 h - 3 scrolls of fog {unknown}
 i - 2 scrolls of teleportation {unknown}
Potions
 l - a potion of might {unknown}
Books
 b - a book of Conjurations

   Spells                             Type                      Level
   a - Magic Dart                     Conjuration                  1
   b - Searing Ray                    Conjuration                  2
   c - Dazzling Spray                 Conjuration/Hexes            3
   d - Fulminant Prism                Conjuration/Hexes            4
   e - Iskenderun's Mystic Blast      Conjuration                  4
   f - Iskenderun's Battlesphere      Conjuration/Charms           5
Comestibles
 c - 2 bread rations
 g - a meat ration
 k - a beef jerky
 o - 2 chunks of flesh


   Skills:
 - Level 2.4 Dodging
 - Level 2.4 Stealth
 + Level 4.8 Spellcasting
 * Level 6.3 Conjurations


You had 9 spell levels left.
You knew the following spells:

 Your Spells              Type           Power        Failure   Level  Hunger
a - Magic Dart            Conj           ####         1%          1    None
b - Dazzling Spray        Conj/Hex       ###...       12%         3    ##.....


Dungeon Overview and Level Annotations

Branches:
Dungeon (3/15)

Altars:


Message History

Tha orc wizard closely misses ye.
Tha orc priest hits ye but does nay damage.
Ye be poison'd.
Ye hit tha orc wizard.
Ye kill tha orc wizard!
Yer Conjurations skill increases ta level 6!
Ye feel sick.
Ye barely miss tha orc priest.
Ye feel sick.
Tha orc barely misses ye.
Tha orc priest hits ye wit' a dagger o' venom.
* * * LOW HITPOINT WARNIN'
* * * Ye hit tha orc priest.
Tha orc priest be lightly wounded.
Tha orc priest casts a cantrip, but nuthin' happens.
Tha orc misses ye.
Ye hit tha orc priest.
Thar be a sudd'n 'splosion o' sparks!
Ye kill tha orc priest!
Ye haf reached level 5!
* * * LOW HITPOINT WARNIN'
* * * Ye feel sick.
Tha orc hits ye wit' a war axe!
Ye die...

###....##...##....#
####.##†#.##....#
#.##.#.......#
#..>.........#
#####.##.....#
#.##.....#
#....##'##
#######)# #...ogo@#
#'####### #....o..#
.(....oo.#
#.#......o.# #
##....o..#
+.......# #.......#
#.......#


You could see 2 orcs and a goblin.

Vanquished Creatures
  A quasit (D:3)
  An orc priest (D:3)
  An orc wizard (D:3)
  An adder (D:3)
  A worm (D:3)
  3 dart slugs
  2 orcs (D:3)
  3 bats (D:2)
  2 giant cockroaches
  6 goblins
  2 hobgoblins
  6 jackals (D:1)
  3 quokkas (D:2)
  A giant newt (D:2)
  5 kobolds
  A rat (D:2)
39 creatures vanquished.

Notes
Turn   | Place    | Note
--------------------------------------------------------------
     0 | D:1      | Heedrag the Deep Elf Conjurer began the quest for the Orb.
     0 | D:1      | Reached XP level 1. HP: 10/10 MP: 6/6
   182 | D:1      | Reached XP level 2. HP: 15/15 MP: 5/8
   713 | D:2      | Reached skill level 5 in Conjurations
   783 | D:2      | Reached XP level 3. HP: 19/19 MP: 7/10
   788 | D:2      | Learned a level 3 spell: Dazzling Spray
  1248 | D:3      | Reached XP level 4. HP: 19/24 MP: 0/12
  1410 | D:3      | Reached skill level 6 in Conjurations
  1413 | D:3      | Reached XP level 5. HP: 7/28 MP: 1/14
  1413 | D:3      | Slain by an orc

Skill      XL: |  1  2  3  4 |
---------------+-------------+-----
Conjurations   | 5 6 |  6.3
Spellcasting   | 4 |  4.8
Dodging        | |  2.4
Stealth        | |  2.4

Action                   |  1- 3 |  4- 6 || total
-------------------------+-------+-------++-------
Melee: Dagger            |    18 |     5 ||    23
 Cast: Magic Dart        |    72 |    16 ||    88
  Eat: Chunk             |     1 |       ||     1
Armor: Robe              |    10 |     1 ||    11
Dodge: Dodged            |    19 |     7 ||    26
